 Dungeon Crawl Stone Soup version 0.22-a0-369-gc73351f (webtiles) character file.

6 Amnesiac the Magician (level 1, -4/14 HPs)
             Began as a Mummy Wizard on Apr 24, 2018.
             Slain by a kobold
             ... wielding a +0 short sword
              (6 damage)
             ... on level 1 of the Dungeon.
             The game lasted 00:00:39 (242 turns).

Amnesiac the Magician (Mummy Wizard)                 Turns: 242, Time: 00:00:39

Health: -4/14      AC:  2    Str: 10    XL:     1   Next: 75%
Magic:  5/5        EV: 12    Int: 17    God:
Gold:   20         SH:  0    Dex: 10    Spells: 7/8 levels left

rFire    x . .     SeeInvis .   c - +0 whip (venom)
rCold    + . .     Gourm    .   (no shield)
rNeg     + + +     Faith    .   a - +0 robe
rPois    ∞         Spirit   .   b - +0 hat
rElec    .         Reflect  .   (no cloak)
rCorr    .         Harm     .   (no gloves)
MR       .....                  (no boots)
Stlth    ++........             (no amulet)
HPRegen  0.04/turn              (no ring)
MPRegen  0.09/turn              (no ring)

@: no status effects
A: no food or potions, fire vulnerability, cold resistance 1, negative energy
resistance 3, torment resistance, unbreathing
a: no special abilities


You were on level 1 of the Dungeon.
You were not hungry.

You visited 1 branch of the dungeon, and saw 2 of its levels.

You collected 20 gold pieces.

Inventory:

Hand Weapons
 c - a +0 whip of venom (weapon)
Armour
 a - a +0 robe (worn)
 b - a +0 hat (worn)
Scrolls
 d - a scroll of remove curse {!r, unknown}
 e - a scroll of blinking {!r, unknown}
 f - a scroll of noise {!r, unknown}


   Skills:
 + Level 0.5 Fighting
 * Level 2.0 Dodging
 - Level 1.5 Stealth
 - Level 4.0 Spellcasting
 - Level 0.7 Conjurations
   Level 0.7 Summonings
   Level 0.7 Translocations


You had 7 spell levels left.
You knew the following spells:

 Your Spells              Type           Power        Failure   Level  Hunger
a - Magic Dart            Conj           #...         12%         1    N/A

Dungeon Overview and Level Annotations

Branches:
Dungeon (2/15)

Altars:


Innate Abilities, Weirdness & Mutations

You do not eat or drink.
Your flesh is vulnerable to fire.
You are immune to poison.
Your flesh is cold resistant. (rC+)
You are immune to negative energy. (rN+++)
You are immune to unholy pain and torment.
You can survive without breathing.


Message History

HP restored.
A rat comes into view.
A rat is nearby!
Found a scroll labeled ZYDWOCVYIRA.
Found a stone staircase leading down.
You see here a scroll labeled ILITEYRH YFAC {!r}.
A rat is nearby!
You hit the rat.
The rat is heavily wounded.
The rat barely misses you.
You hit the rat.
You kill the rat!
No target in view!
No target in view!
No target in view!
e - a scroll labeled ILITEYRH YFAC {!r}
Found a stone staircase leading down.
A dart slug comes into view.
You see here a scroll labeled ZYDWOCVYIRA {!r}.
The dart slug launches a dart at you. The slug dart hits you!
* * * LOW HITPOINT WARNING * * *
You see here a scroll labeled ZYDWOCVYIRA {!r}.
A leopard gecko comes into view.
The leopard gecko hisses angrily.
The dart slug barely misses you.
You hit the dart slug.
The dart slug is lightly wounded.
You hit the dart slug.
The dart slug is poisoned.
The dart slug is moderately wounded.
The dart slug barely misses you.
You hit the dart slug but do no damage.
The dart slug looks as sick as possible!
The dart slug is severely wounded.
You kill the dart slug!
You hit the leopard gecko.
You kill the leopard gecko!
Your Dodging skill increases to level 2!
f - a scroll labeled ZYDWOCVYIRA {!r} You start resting.
HP restored.
There is a stone staircase leading down here.
You climb downwards.
There is a stone staircase leading up here.
You climb upwards.
There is a stone staircase leading down here.
A kobold comes into view. It is wielding a short sword.
The kobold shouts!
You can't go down here!
You closely miss the kobold. The kobold barely misses you.
You closely miss the kobold. The kobold hits you with a short sword.
The kobold completely misses you.
You completely miss the kobold. The kobold hits you with a short sword.
You closely miss the kobold. The kobold hits you with a short sword.
* * * LOW HITPOINT WARNING * * *
You are too injured to fight recklessly!
You are too injured to fight recklessly!
You closely miss the kobold. The kobold barely misses you.
Unknown command.
You closely miss the kobold. The kobold hits you with a short sword.
* * * LOW HITPOINT WARNING * * *
A rat comes into view.
Unknown command.
The kobold hits you with a short sword.
You die...

#.......#######
#..............
#.......########
#####.......#.......
...............###
####............#
#..#.†.........#
#.rK.........#.#
#.@###...##### #
########### #..#
#...# ..........♣
#..# #...#
....8..8..♣ #..#
#..... .)........♣
#..#####....
.....÷....♣♣
#........>##
....8..8...♣
#.......#
...........♣
#.......#
!...8..8...♣
#.......#


You could see a kobold and a rat.

Vanquished Creatures
  A dart slug (D:1)
  A leopard gecko (D:1)
  A kobold (D:1)
  A rat (D:1)
4 creatures vanquished.

Notes
Turn   | Place    | Note
-------+----------+-------------------------------------------
     0 | D:1      | Amnesiac the Mummy Wizard began the quest for the Orb.
     0 | D:1      | Reached XP level 1. HP: 13/13 MP: 5/5
   242 | D:1      | Slain by a kobold

Vault maps used:
D:1:      giann_forest_graveyard
D:2:      grunt_temple_overflow_open, first_ration

Skill      XL: |  1 |
---------------+----+-----
Dodging        | 2 |  2.0
Fighting       | |  0.5
Stealth        | |  1.5
Spellcasting   | |  4.0
Conjurations   | |  0.7
Summonings     | |  0.7
Translocations | |  0.7

Action                   || total
-------------------------++-------
Melee: Whip              ||    16
Dodge: Dodged            ||     9

Table legend:
 A = Spawn XP
 B = Non-spawn XP
 C = Spawn XP percentage of total XP
 D = Spawn monster count
 E = Non-spawn monster count
 F = Spawn count percentage of total count
 G = Total turns spent on level
                    A         B        C        D         E        F      G
               +---------+---------+-------+---------+---------+-------+---------
         Total |       0 |       9 |   0.0 |       0 |       4 |   0.0 |   242
               +---------+---------+-------+---------+---------+-------+---------
           D:1 |       0 |       9 |   0.0 |       0 |       4 |   0.0 |   240
               +---------+---------+-------+---------+---------+-------+---------
